 Dungeon Crawl Stone Soup version 0.22.1-2-g9c5b331383 (webtiles) character file.

287 Gargoyl the Skirmisher (level 6, -8/52 HPs)
             Began as a Centaur Abyssal Knight on Nov 21, 2018.
             Was a Believer of Lugonu.
             Mangled by Menkaure (12 damage)
             ... on level 4 of the Dungeon.
             The game lasted 00:05:38 (4742 turns).

Gargoyl the Skirmisher (Centaur Abyssal Knight)     Turns: 4742, Time: 00:05:39

Health: -8/52      AC:  8    Str: 15    XL:     6   Next: 8%
Magic:  8/8        EV:  4    Int: 11    God:    Lugonu [**....]
Gold:   211        SH:  0    Dex: 10    Spells: 5/5 levels left

rFire    . . .     SeeInvis .   a - +2 hand axe
rCold    . . .     Gourm    .   (no shield)
rNeg     . . .     Faith    .   i - +0 chain mail
rPois    .         Spirit   .   (no helmet)
rElec    .         Reflect  .   (no cloak)
rCorr    .         Harm     .   (no gloves)
MR       .....                  (no barding)
Stlth    ..........             (no amulet)
HPRegen  0.17/turn              (no ring)
MPRegen  0.11/turn              (no ring)

@: flying, very quick
A: large, hooves 3, deformed body, speed 2, tough skin 3
a: Depart the Abyss, Bend Space, Renounce Religion


You were on level 4 of the Dungeon.
You worshipped Lugonu.
Lugonu was pleased with you.
You were not hungry.

You visited 1 branch of the dungeon, and saw 4 of its levels.
You visited the Abyss 1 time.

You collected 211 gold pieces.

Inventory:

Hand Weapons
 a - a +2 hand axe (weapon)
 e - the +9 hand crossbow of Destiny {freeze, rF++ Str-3 Dex+5}
   (You found it on level 2 of the Abyss)

   It causes projectiles fired from it to freeze those they strike, causing
   extra injury to most foes and up to half again as much damage against
   particularly susceptible opponents.
   They can also slow down cold-blooded creatures.
   It affects your strength (-3).
   It affects your dexterity (+5).
   It greatly protects you from fire.
Armour
 i - a +0 chain mail (worn)
Jewellery
 l - an uncursed ring of fire {unknown}
Wands
 f - a wand of iceblast (8)
 m - a wand of paralysis (17)
 r - a wand of polymorph (16)
Scrolls
 d - 8 scrolls of identify
 j - a scroll of magic mapping {unknown}
 p - a scroll of amnesia {unknown}
 s - a scroll of teleportation
 t - a scroll of remove curse {unknown}
 u - 3 scrolls of enchant armour {unknown}
Potions
 b - 3 potions of curing {unknown}
 g - 2 potions of flight
 h - a potion of invisibility {unknown}
 k - a potion of haste {unknown}
 n - a potion of agility {unknown}
 o - a potion of resistance {unknown}
 q - 2 potions of mutation {unknown}
Comestibles
 c - 6 rations


   Skills:
 + Level 3.9 Fighting
 + Level 3.5 Axes
 * Level 3.0 Armour
 + Level 1.1 Dodging
 * Level 3.0 Invocations


You had 5 spell levels left.
You didn't know any spells.
Your spell library was empty.

Dungeon Overview and Level Annotations

Branches:
Dungeon (4/15)
 Temple: D:4-7

Altars:

Annotations:
D:4 Menkaure


Innate Abilities, Weirdness & Mutations

You have hooves in place of feet.
Armour fits poorly on your strangely shaped body.
You cover ground very quickly.
You have extremely tough skin. (AC +3)


Message History

It was a potion of flight.
You feel very buoyant.
You fly up into the air.
A magic dart appears from out of thin air!
The magic dart hits you!
Menkaure murmurs, "Let me perform the rites..."
Menkaure gestures at you while chanting.
Pain shoots through your body! Something hits you but does no damage.
Menkaure hits you but does no damage.
You hit Menkaure but do no damage. You hit something but do no damage.
Something hits you but does no damage. Menkaure hits you!
Something hits you but does no damage.
Your chain mail prevents you from hitting Menkaure.
You kick Menkaure!
Menkaure is moderately damaged.
You hit something. Menkaure hits you!
* * * LOW HITPOINT WARNING * * *
Something hits you but does no damage. Menkaure hits you!
You die...

###########
#.........#
#.........#
#.........#
#.........#
#....M....#####
#...^.@........
#.....{...###.
#.........#
#.....(.<.#
#.........#
###########


You could see Menkaure.

Vanquished Creatures
  A scorpion (D:3)
  An orc priest (D:3)
  8 adders
  3 gnolls (D:3)
  An ooze (D:2)
  3 worms
  2 dart slugs (D:2)
  8 orcs (D:3)
  8 bats
  7 giant cockroaches
  8 goblins
  8 hobgoblins
  5 jackals
  A quokka (D:2)
  2 ball pythons (D:1)
  9 frilled lizards
  9 kobolds
  11 rats
95 creatures vanquished.

Notes
Turn   | Place    | Note
-------+----------+-------------------------------------------
     0 | Abyss:1  | Gargoyl the Centaur Abyssal Knight began the quest for the
                  | Orb.
     0 | Abyss:1  | Reached XP level 1. HP: 19/19 MP: 2/2
     8 | Abyss:2  | Found a corrupted altar of Lugonu.
    19 | Abyss:2  | Got a scorched hand crossbow
    68 | Abyss:3  | Noticed an orange demon
    68 | Abyss:3  | Noticed a small abomination
    93 | Abyss:3  | Noticed a tentacled starspawn
    99 | Abyss:3  | Noticed a large abomination
   111 | D:1      | Escaped the Abyss
   184 | D:1      | Reached XP level 2. HP: 15/26 MP: 3/3
   187 | D:1      | HP: 1/26 [jackal (1)]
   188 | D:1      | Reached * piety under Lugonu
   565 | D:1      | Identified the +9 hand crossbow of Destiny {freeze, rF++
                  | Str-3 Dex+5} (You found it on level 2 of the Abyss)
   937 | D:1      | Reached XP level 3. HP: 31/31 MP: 4/4
  1234 | D:2      | Reached XP level 4. HP: 21/38 MP: 5/5
  1565 | D:2      | Reached ** piety under Lugonu
  1594 | D:2      | Reached skill level 1 in Dodging
  2489 | D:3      | Reached XP level 5. HP: 38/45 MP: 5/7
  3766 | D:3      | Noticed an orc warrior
  4014 | D:3      | Reached XP level 6. HP: 42/52 MP: 8/8
  4423 | D:4      | Noticed Menkaure
  4742 | D:4      | Mangled by Menkaure

Skill      XL: |  1  2  3  4  5  6 |
---------------+-------------------+-----
Axes           | 2 3 |  3.5
Armour         | 2 3 |  3.0
Dodging        | 1 |  1.1
Invocations    | 3 |  3.0
Fighting       | |  3.9

Action                   |  1- 3 |  4- 6 || total
-------------------------+-------+-------++-------
Melee: Hand axe          |    69 |   199 ||   268
       Kick              |    12 |    33 ||    45
Invok: Depart the Abyss  |     1 |       ||     1
Evoke: Wand              |       |     1 ||     1
  Use: Scroll            |     3 |       ||     3
       Potion            |     1 |     1 ||     2
  Eat: Chunk             |       |     7 ||     7
       Ration            |       |     1 ||     1
Armor: Leather armour    |    16 |       ||    16
       Chain mail        |    47 |   172 ||   219
Dodge: Dodged            |    37 |    33 ||    70
